 Dungeon Crawl Stone Soup version 0.23-a0-407-g92528d7c89 (webtiles) character file.

298 ArschAngel the Magician (level 6, -8/44 HPs)
             Began as a Gnoll Wizard on Nov 7, 2018.
             Was an Initiate of Ashenzari.
             Killed by divine providence
             ... invoked by an orc priest
              (13 damage)
             ... on level 4 of the Dungeon.
             The game lasted 00:09:57 (4216 turns).

ArschAngel the Magician (Gnoll Wizard)              Turns: 4216, Time: 00:09:58

Health: -8/44      AC:  2    Str: 10    XL:     6   Next: 36%
Magic:  9/25       EV: 14    Int: 22    God:    Ashenzari [......]
Gold:   133        SH:  0    Dex: 13    Spells: 10/19 levels left

rFire    . . .     SeeInvis .     - Unarmed
rCold    . . .     Gourm    .   (no shield)
rNeg     . . .     Faith    .   a - +0 robe
rPois    .         Spirit   .   b - +0 hat (curse)
rElec    .         Reflect  .   (no cloak)
rCorr    .         Harm     .   (no gloves)
MR       .....                  (no boots)
Stlth    +++.......             (no amulet)
HPRegen  0.14/turn              e - ring of flight
MPRegen  0.19/turn              f - ring of magical power

@: no status effects
A: distributed training, fangs 1, strong nose
a: Curse Item, Renounce Religion, Evoke Flight


You were on level 4 of the Dungeon.
You worshipped Ashenzari.
Ashenzari was noncommittal.
You were hungry.

You visited 1 branch of the dungeon, and saw 4 of its levels.

You collected 133 gold pieces.

Inventory:

Armour
 a - a +0 robe (worn)
 b - a cursed +0 hat (worn)
Jewellery
 e - a ring of flight (left hand)
 f - a ring of magical power (right hand)
Wands
 s - a wand of flame (17)
Scrolls
 c - a scroll of amnesia {unknown}
 h - a scroll of enchant weapon {unknown}
 j - a scroll of fear {unknown}
 k - a scroll of magic mapping {unknown}
 l - a scroll of enchant armour {unknown}
 m - 2 scrolls of identify {unknown}
 n - 2 scrolls of blinking {unknown}
 t - a scroll of remove curse
Potions
 g - a potion of cancellation {unknown}
 i - 2 potions of lignification {unknown}
 o - a potion of haste {unknown}
 p - 2 potions of heal wounds {unknown}
 q - a potion of agility {unknown}
 r - a potion of mutation {unknown}
Comestibles
 d - 5 rations


   Skills:
 + Level 1.9 Fighting
 + Level 1.9 Short Blades
 + Level 1.9 Long Blades
 + Level 1.9 Axes
 + Level 1.9 Maces & Flails
 + Level 1.9 Polearms
 + Level 1.9 Staves
 + Level 1.9 Slings
 + Level 1.9 Bows
 + Level 1.9 Crossbows
 + Level 1.9 Throwing
 + Level 1.9 Armour
 + Level 4.9 Dodging
 + Level 4.5 Stealth
 + Level 1.9 Shields
 + Level 1.9 Unarmed Combat
 + Level 7.4 Spellcasting
 + Level 2.6 Conjurations
 + Level 1.5 Hexes
 + Level 1.5 Charms
 + Level 2.6 Summonings
 + Level 1.5 Necromancy
 + Level 2.6 Translocations
 + Level 1.5 Transmutations
 + Level 1.5 Fire Magic
 + Level 1.5 Ice Magic
 + Level 1.5 Air Magic
 + Level 1.5 Earth Magic
 + Level 1.5 Poison Magic
 + Level 2.1 Invocations
 + Level 1.9 Evocations


You had 10 spell levels left.
You knew the following spells:

 Your Spells              Type           Power        Failure   Level  Hunger
a - Magic Dart            Conj           ###.         2%          1    None
b - Call Imp              Summ           ###.....     4%          2    None
c - Mephitic Cloud        Conj/Pois/Air  ###.....     11%         3    None
d - Conjure Flame         Conj/Fire      ###.....     11%         3    None

Your spell library contained the following spells:

 Spells                   Type           Power        Failure   Level  Hunger
 Blink                    Tloc           N/A          4%          2    None
 Slow                     Hex            ##......     6%          2    None


Dungeon Overview and Level Annotations

Branches:
Dungeon (4/15)
 Temple: D:4-7

Altars:
Ashenzari
Gozag
Hepliaklqana
Makhleb


Innate Abilities, Weirdness & Mutations

Your experience applies equally to all skills.
You have very sharp teeth.
Your uncanny sense of smell can sniff out nearby items.


Message History

The orc wizard is moderately wounded.
The orc priest invokes the aid of Beogh against you.
Beogh smites you!
Casting: Magic Dart (safe; 2% risk of failure)
Confirm with . or Enter, or press ? or * to list all spells.
Aiming: Magic Dart (safe; 2% risk of failure)
Press: ? - help, Shift-Dir - straight line, f/p - orc priest
Aim: an orc priest, wielding a +0 club and wearing a +0 leather armour The magic dart hits the orc wizard.
The orc wizard is heavily wounded.
The orc wizard barely misses you.
The orc priest calls down the wrath of Beogh upon you.
Beogh smites you!
* * * LOW HITPOINT WARNING * * *
Okay, then.
The orc wizard points at you and mumbles some strange words.
You resist with some effort.
The orc priest mumbles some strange prayers to Beogh against you.
Beogh smites you!
You die...

#####.###
#..o)....
###o###o#
#.......#
###@#.##.....
#........##..
#<.........
#.###.#.##..
#.# #.#.# .
#.# #.#.# #..
.# ... .##


You could see 2 orc priests and an orc wizard.

Vanquished Creatures
  3 orc wizards (D:3)
  2 adders
  2 worms
  3 dart slugs
  4 leopard geckos
  14 orcs
  A giant cockroach (D:2)
  14 hobgoblins
  4 jackals (D:1)
  8 kobolds
  2 quokkas
  10 bats
  3 frilled lizards
  8 goblins
  6 rats
84 creatures vanquished.

Vanquished Creatures (collateral kills)
  The ghost of runewalsh the Magician, a weakling OpWz (D:3)
  3 adders
  4 gnolls (D:2)
  2 orcs (D:2)
  A giant cockroach (D:2)
  A ball python (D:3)
  A kobold (D:3)
13 creatures vanquished.

Grand Total: 97 creatures vanquished

Notes
Turn   | Place    | Note
-------+----------+-------------------------------------------
     0 | D:1      | ArschAngel the Gnoll Wizard began the quest for the Orb.
     0 | D:1      | Reached XP level 1. HP: 13/13 MP: 8/8
   178 | D:1      | Reached XP level 2. HP: 19/19 MP: 6/10
   246 | D:1      | Learned a level 2 spell: Call Imp
   586 | D:1      | Reached XP level 3. HP: 25/25 MP: 8/11
   591 | D:1      | Learned a level 3 spell: Mephitic Cloud
   595 | D:1      | Learned a level 3 spell: Conjure Flame
   673 | D:1      | Found a shattered altar of Ashenzari.
   694 | D:1      | Became a worshipper of Ashenzari the Shackled
  1046 | D:1      | Reached skill level 1 in Invocations
  1277 | D:2      | Reached skill level 1 in Fighting
  1277 | D:2      | Reached skill level 1 in Short Blades
  1277 | D:2      | Reached skill level 1 in Long Blades
  1277 | D:2      | Reached skill level 1 in Axes
  1277 | D:2      | Reached skill level 1 in Maces & Flails
  1277 | D:2      | Reached skill level 1 in Polearms
  1277 | D:2      | Reached skill level 1 in Staves
  1277 | D:2      | Reached skill level 1 in Slings
  1277 | D:2      | Reached skill level 1 in Bows
  1277 | D:2      | Reached skill level 1 in Crossbows
  1277 | D:2      | Reached skill level 1 in Throwing
  1277 | D:2      | Reached skill level 1 in Armour
  1277 | D:2      | Reached skill level 1 in Shields
  1277 | D:2      | Reached skill level 1 in Unarmed Combat
  1277 | D:2      | Reached skill level 1 in Evocations
  1361 | D:2      | Reached XP level 4. HP: 32/32 MP: 7/13
  1854 | D:2      | Found a burning altar of Makhleb.
  2151 | D:2      | Reached skill level 1 in Hexes
  2151 | D:2      | Reached skill level 1 in Charms
  2151 | D:2      | Reached skill level 1 in Necromancy
  2151 | D:2      | Reached skill level 1 in Transmutations
  2151 | D:2      | Reached skill level 1 in Fire Magic
  2151 | D:2      | Reached skill level 1 in Ice Magic
  2151 | D:2      | Reached skill level 1 in Air Magic
  2151 | D:2      | Reached skill level 1 in Earth Magic
  2151 | D:2      | Reached skill level 1 in Poison Magic
  2324 | D:2      | Reached XP level 5. HP: 34/37 MP: 1/14
  2643 | D:3      | Found a runed gate.
  2645 | D:3      | Found a runed gate.
  2645 | D:3      | Found a runed gate.
  2717 | D:3      | Noticed runewalsh's ghost (weakling OpWz)
  3388 | D:3      | Reached XP level 6. HP: 22/44 MP: 3/16
  3559 | D:3      | Found a hazy altar of Hepliaklqana.
  3835 | D:3      | Found an opulent altar of Gozag.
  4043 | D:3      | Killed runewalsh's ghost
  4216 | D:4      | Killed from afar by an orc priest

Vault maps used:
D:1:      dpeg_arrival_rhombi, serial_glass, glass_columns_b, glass_columns_a,
          due_unseen_surprise, evilmike_ruin_ashenzari
D:2:      lemuel_round_altar
D:3:      lemuel_round_altar, nicolae_gozag_seed_capital, first_ration,
          ebering_ghost_rock_garden, minmay_misc_feat_pillars
D:4:      lemuel_zombie_altar_yredelemnul, temple_hall, uniq_pikel

Skill      XL: |  1  2  3  4  5  6 |
---------------+-------------------+-----
Conjurations   | 2 |  2.6
Summonings     | 2 |  2.6
Translocations | 2 |  2.6
Invocations    | 1 2 |  2.1
Fighting       | 1 |  1.9
Short Blades   | 1 |  1.9
Long Blades    | 1 |  1.9
Axes           | 1 |  1.9
Maces & Flails | 1 |  1.9
Polearms       | 1 |  1.9
Staves         | 1 |  1.9
Slings         | 1 |  1.9
Bows           | 1 |  1.9
Crossbows      | 1 |  1.9
Throwing       | 1 |  1.9
Armour         | 1 |  1.9
Shields        | 1 |  1.9
Unarmed Combat | 1 |  1.9
Evocations     | 1 |  1.9
Hexes          | 1 |  1.5
Charms         | 1 |  1.5
Necromancy     | 1 |  1.5
Transmutations | 1 |  1.5
Fire Magic     | 1 |  1.5
Ice Magic      | 1 |  1.5
Air Magic      | 1 |  1.5
Earth Magic    | 1 |  1.5
Poison Magic   | 1 |  1.5
Dodging        | |  4.9
Stealth        | |  4.5
Spellcasting   | |  7.4

Action                   |  1- 3 |  4- 6 || total
-------------------------+-------+-------++-------
Melee: Unarmed           |     3 |    13 ||    16
       Punch             |       |     1 ||     1
       Bite              |       |     1 ||     1
 Cast: Magic Dart        |    85 |   191 ||   276
       Call Imp          |     4 |    18 ||    22
Invok: Curse Item        |       |     1 ||     1
  Eat: Chunk             |     1 |     8 ||     9
Armor: Robe              |     1 |     7 ||     8
Dodge: Dodged            |    27 |    56 ||    83

Table legend:
 A = Non-vault XP
 B = Vault XP
 C = Vault XP percentage of total XP
 D = Non-vault monster count
 E = Vault monster count
 F = Vault count percentage of total count
                 A         B        C        D         E       F
            +---------+---------+-------+---------+---------+-------
      Total |     394 |      33 |   7.7 |      96 |       1 |   1.0
            +---------+---------+-------+---------+---------+-------
        D:1 |      64 |       0 |   0.0 |      29 |       0 |   0.0
        D:2 |     121 |       0 |   0.0 |      30 |       0 |   0.0
        D:3 |     206 |      33 |  13.8 |      36 |       1 |   2.7
        D:4 |       3 |       0 |   0.0 |       1 |       0 |   0.0
            +---------+---------+-------+---------+---------+-------
